Description

You can build one tank after first tech lab finishes, and place it on natural expansion to protect it, and then commence with hellion production until enough minerals and gas for Thors.

Replay - A.I. 1 (Very Easy) v Zinnie - Simulacrum LE

Build Order

Get SALT Encoding   

  12  0:01  SCV  
  13  0:14  SCV  
  14  0:20  Supply Depot  
  14  0:26  SCV  
  14  0:28  Refinery  
  15  0:41  SCV  
  16  0:47  Barracks  
  16  0:53  SCV  
  17  1:06  SCV  
  18  1:18  SCV  
  19  1:33  Orbital Command  
  19  1:34  Reaper  
  20  1:49  Command Center  
  20  2:03  Factory  
  20  2:05  SCV  
  21  2:10  Barracks Reactor  
  21  2:15  Refinery  
  21  2:19  SCV  
  22  2:32  SCV  
  22  2:34  Supply Depot  
  23  2:56  Hellion x2  
  28  3:00  Factory  
  28  3:06  Orbital Command  
  29  3:17  Hellion x2  
  33  3:24  Supply Depot  
  35  3:39  Hellion x2  
  38  3:46  Widow Mine  
  43  3:53  Supply Depot  
  44  4:00  Hellion  
  48  4:08  Widow Mine  
  52  4:22  Command Center  
  54  4:32  Armory  
  54  4:35  Hellion  
  56  4:40  Hellion  
  60  4:47  Supply Depot  
  60  4:48  Factory Tech Lab  
  60  4:55  Factory  
  60  4:56  Hellion  
  62  5:06  Refinery x2  
  64  5:11  Infernal Pre-Igniter  
  66  5:22  Factory  
  68  5:41  Factory, Factory Tech Lab  
  68  5:45  Terran Vehicle And Ship Armor Level 1  
  68  5:47  Engineering Bay  
  74  6:09  Thor, Factory Tech Lab  
  81  6:14  Thor  
  88  6:20  Planetary Fortress  
  88  6:25  Missile Turret  
  91  6:40  Missile Turret  
  91  6:42  Factory Tech Lab  
  92  6:50  Thor  
  103  7:05  Thor  
  116  7:33  Thor  
  122  7:45  Thor  
  128  7:57  Thor  
  136  7:59  Refinery x2  
  136  8:04  Armory  
  139  8:16  Command Center  
  139  8:20  Thor  
  148  8:32  Sensor Tower  
  154  8:59  Thor  
  160  9:07  Thor  
  168  9:16  Hellbat  
  178  9:27  Missile Turret x3  
  187  9:48  Missile Turret x3  
Spawning Tool Build Advisor. Get it on Overwolf

Go to:

Details

  • Created by: Zinnie  
  • Published on: May 06, 2020
  • Modified on: May 06, 2020
  • Patch: 4.11.0
  • Difficulty: Easy
Show
View Real Time Build Order
Export as new Build Order

Comments (0)

There are no comments. Be the first!

Create an account to comment!